Cogmind - Beta 16 @@@ ROGUE MODE // 2026.01.24 @ 16:58:59 Player: vorsii Result: Destroyed by as-22378 with Assembled Blade Performance ------------- Evolutions (1) 500 Regions Visited (3) 600 Robots Destroyed (42) 210 Value Destroyed (610) 610 Prototype IDs (0) 0 Alien Tech Used (0) 0 Bonus (-148) -148 TOTAL SCORE: 1772 Bonus ------- Friendly Fire -148 Cogmind --------- Core Integrity 0/400 Matter 300/300 Energy 125/125 System Corruption 0% Temperature Cool (0) Movement Treading (480) Ox4 Location -9/Mines Parts ------- > --- POWER (1) -------- Light Ion Engine > --- PROPULSION (2) --- Light Treads > --- UTILITY (4) ------ Huge Storage Unit Signal Interpreter Hacking Suite > --- WEAPON (2) ------- Mini Grenade Launcher > --- INVENTORY (25) --- Improved Ion Engine Wheel Compact Wheel Terrain Scan Processor Salvage Targeting Computer Targeting Computer Improved Targeting Computer Improved Targeting Computer ECM Suite Medium Laser Beam Rifle Beam Rifle Particle Cannon Heavy Assault Rifle Rocket Launcher Peak State ------------ > --- POWER ------------ Light Ion Engine > --- PROPULSION ------- Wheel Wheel > --- UTILITY ---------- Huge Storage Unit Signal Interpreter Improved Terrain Scanner Hacking Suite > --- WEAPON ----------- Particle Gun Heavy Assault Rifle > --- INVENTORY -------- Light Ion Engine Improved Ion Engine Light Treads Wheel Compact Wheel Terrain Scan Processor Salvage Targeting Computer Targeting Computer Improved Targeting Computer Improved Targeting Computer ECM Suite Medium Laser Beam Rifle Beam Rifle Particle Cannon Heavy Assault Rifle Shotgun Rocket Launcher Mini Grenade Launcher [Rating: 18] Favorites ----------- Power Ion Engine Engine Ion Engine Propulsion Light Treads Treads Light Treads Wheel Wheel Utility Huge Storage Unit Device Terrain Scanner Storage Huge Storage Unit Processor Signal Interpreter Hackware Hacking Suite Weapon Light Assault Rifle Energy Gun Particle Gun Ballistic Gun Light Assault Rifle Launcher Mini Grenade Launcher Special Weapon Mining Laser Build | -11 -10 -9 -9 ------- Run | Yrd Mat Mat Min Slots Evolved 2 | . . 2 . Power . | . . . . Propulsion . | . . . . Utility 2 | . . 2 . Weapon . | . . . . Parts Attached 30 | 6 10 2 12 Power 6 | 1 2 . 3 Engine 6 | 1 2 . 3 Core . | . . . . Reactor . | . . . . Propulsion 7 | 2 2 . 3 Treads 3 | 2 . . 1 Leg . | . . . . Wheel 4 | . 2 . 2 Hover . | . . . . Flight . | . . . . Utility 8 | 1 4 2 1 Device 3 | . 1 1 1 Storage 3 | 1 2 . . Processor 1 | . . 1 . Hackware 1 | . 1 . . Protection . | . . . . Artifact . | . . . . Weapon 9 | 2 2 . 5 Energy Gun 1 | . . . 1 Energy Cannon . | . . . . Ballistic Gun 5 | 2 1 . 2 Ballistic Cannon . | . . . . Launcher 1 | . . . 1 Special Weapon 2 | . 1 . 1 Impact Weapon . | . . . . Slashing Weapon . | . . . . Piercing Weapon . | . . . . Special Melee Weapon . | . . . . Unidentified Prototypes . | . . . . Parts Lost 18 | . 5 1 12 Power 4 | . 2 . 2 Propulsion 5 | . 1 . 4 Utility 2 | . . . 2 Weapon 7 | . 2 1 4 Highest Loss Streak 8 | . 3 1 8 To Critical Strikes . | . . . . Average Backups 6 | 1 6 6 10 Power . | . . . . Propulsion . | . . 1 1 Utility 2 | . 2 3 4 Weapon 3 | . 3 2 3 Tool/Special . | . . . . Unused Backups 13 | . . . 13 Power 1 | . . . 1 Propulsion . | . . . . Utility 6 | . . . 6 Weapon 6 | . . . 6 Tool/Special . | . . . . Average Slot Usage (%) 94 | . 94 99 90 Engine 11 | . 12 11 8 Treads 19 | . 24 . 1 Wheel 5 | . 1 22 17 Device 9 | . 9 11 7 Storage 13 | . 14 11 11 Processor 2 | . . 10 11 Hackware 4 | . 2 11 11 Ballistic Gun 22 | . 25 11 11 Special Weapon 2 | . 1 11 2 Peak Build Rating 18 | 6 10 11 18 Average Rating 8 | 4 7 10 13 On Entrance 6 | . 6 10 10 Avg Prop Armor Cover (%) . | . . . . Naked Turns . | . . . . Heaviest Build 90 | 12 88 86 90 Greatest Support 40 | 40 40 20 20 Greatest Overweight (x) 8 | 3 4 4 8 Average Overweight (x) 2 | . 1 4 4 Largest Inventory Capacity 25 | 8 25 25 25 Average Capacity 23 | 7 23 25 25 Most Carried 19 | 3 10 7 19 Average Carried 6 | 1 6 6 10 Final Capacity 25 | 8 25 25 25 Final Carried 15 | 2 8 7 15 Class Distribution -------------------- 78% | Mutant 21% | Scavenger-Mutant Dominant Class ---------------- Mutant | -10/Materials Scavenger-Mutant | -9/Materials Scavenger-Mutant | -9/Mines Resources | -11 -10 -9 -9 ----------- Run | Yrd Mat Mat Min Matter Collected 801 | 217 345 . 239 Remotely . | . . . . Salvage Created 1268 | . 914 . 354 Parts 81 | . 60 . 21 Haulers Intercepted . | . . . . Recyclers Shooed 5 | . 4 . 1 Parts Field Recycled . | . . . . Retrieved Matter . | . . . . Parts Self-Destructed . | . . . . Prevented . | . . . . Parts Restored . | . . . . Kills | -11 -10 -9 -9 ------- Run | Yrd Mat Mat Min Combat Hostiles Destroyed 24 | . 14 . 10 Guns 20 | . 13 . 7 Cannons 1 | . 1 . . AOE 3 | . . . 3 Classes Destroyed 11 | . 9 . 2 Worker 6 | . 4 . 2 Builder 2 | . 2 . . Tunneler 2 | . 2 . . Recycler 5 | . 4 . 1 Mechanic 1 | . 1 . . Operator 1 | . 1 . . Watcher 3 | . 3 . . Swarmer 12 | . 9 . 3 Grunt 8 | . 5 . 3 Sentry 1 | . . . 1 Assembled 3 | . . . 3 Thug 1 | . . . 1 Best Kill Streak 4 | . 4 . 3 Combat Bots Only 3 | . 3 . 3 Max Kills in Single Turn 2 | . 1 . 2 Gunslinging . | . . . . Exploded 2 | . . . 2 Melee . | . . . . Uniques/NPCs Destroyed . | . . . . Combat | -11 -10 -9 -9 -------- Run | Yrd Mat Mat Min Hostile Shots Fired 219 | . 117 6 96 Missed 44 | . 27 1 16 Hits 175 | . 90 5 80 Melee 2 | . . . 2 Projectile 173 | . 90 5 78 Critical Strikes 1 | . . . 1 Damage Taken 2165 | . 891 62 1212 Core 598 | . 176 13 409 Absorbed by Shields . | . . . . Regen/Repaired (Parts) 113 | . 113 . . Core Remaining (%) 64 | 100 29 . . Volleys Fired 147 | . 111 2 34 Largest 2 | . 2 1 2 Hottest 120 | . 120 20 120 Shots Fired 270 | . 214 2 54 Gun 259 | . 209 2 48 Cannon . | . . . . Launcher 5 | . . . 5 Special 6 | . 5 . 1 Kinetic 245 | . 209 2 34 Thermal 20 | . 5 . 15 Explosive 5 | . . . 5 Electromagnetic . | . . . . Robot Hit Streak 12 | . 12 . 6 Robot Miss Streak 8 | . 8 4 3 Penetration Max . | . . . . Secondary Targets 2 | . 2 . . Max Gunslinging Chain 1 | . 1 . . Shots Hit Robots 167 | . 134 . 33 Core Hits 89 | . 66 . 23 Critical Kills . | . . . . Critical Parts Destroyed . | . . . . Critical Strikes 2 | . . . 2 Burn 2 | . . . 2 Melee Attacks . | . . . . Impact . | . . . . Slashing . | . . . . Piercing . | . . . . Sneak Attacks . | . . . . Combat Hostiles . | . . . . Follow-up Attacks . | . . . . Damage Inflicted 1923 | . 1152 . 771 Guns 1489 | . 1128 . 361 Cannons . | . . . . Explosions 410 | . . . 410 Melee . | . . . . Ramming . | . . . . Kinetic 1358 | . 1128 . 230 Thermal 155 | . 24 . 131 Explosive 410 | . . . 410 Electromagnetic . | . . . . Impact . | . . . . Slashing . | . . . . Piercing . | . . . . Highest Corruption . | . . . . Average Corruption . | . . . . Corruption Purged . | . . . . Corruption Blocked . | . . . . Overload Shots . | . . . . Overflow Damage 8 | . . . 8 Projectiles . | . . . . Explosions 8 | . . . 8 Melee . | . . . . Knockbacks . | . . . . Impact . | . . . . Kinetic . | . . . . Secondary . | . . . . Self-Inflicted Damage 212 | . . . 212 Shots 5 | . . . 5 Rammed . | . . . . Targets Rammed . | . . . . Kicked . | . . . . Crushed . | . . . . Highest Temperature 204 | . 40 . 204 Average Temperature 44 | . 12 . 77 Received Heat Transfer 533 | . 309 18 206 Siege Activations . | . . . . Martial Activations . | . . . . Shielding Activations . | . . . . Robots Disrupted . | . . . . Combat Hostiles . | . . . . Robots Corrupted . | . . . . Combat Hostiles . | . . . . Parts Fried . | . . . . Impact Corruptions . | . . . . Robots Melted . | . . . . Combat Hostiles . | . . . . Parts Melted 3 | . . . 3 Heat Transferred 531 | . 50 . 481 Parts Sabotaged . | . . . . Parts Stolen . | . . . . Parts Stripped . | . . . . Power Chain Reactions . | . . . . Alert | -11 -10 -9 -9 ------- Run | Yrd Mat Mat Min Maximum Alert Level . | . . . . Low Security (%) 100 | 100 100 100 100 Level 1 . | . . . . Level 2 . | . . . . Level 3 . | . . . . Level 4 . | . . . . Level 5 . | . . . . High Security . | . . . . Max Security . | . . . . Peak Influence 157 | . 157 55 60 Initial 55 | . . 55 . Average 39 | . 44 20 25 Influence Increases 664 | . 458 . 206 Destroy 0b10 Robot/C 420 | . 280 . 140 Destroy 0b10 Robot/NC 100 | . 85 . 15 Destroy Leader 76 | . 56 . 20 Successful Hack 5 | . 5 . . Disable Machine 15 | . 15 . . Destroy Structure 33 | . 2 . 31 Lose Combat Pursuer 15 | . 15 . . Influence Decreases 660 | . 326 132 202 Entered New Map 77 | . . 77 . Time Decay 513 | . 276 55 182 Lost Part 70 | . 50 . 20 Squads Dispatched 2 | . 2 . . Investigation 2 | . 2 . . Extermination . | . . . . Reinforcement . | . . . . Assault . | . . . . Garrison . | . . . . Intercept . | . . . . Searches Triggered . | . . . . Construction Impeded . | . . . . Haulers Reinforced . | . . . . Active Scanning Responses . | . . . . Cargo Convoy Interrupts . | . . . . Stealth | -11 -10 -9 -9 --------- Run | Yrd Mat Mat Min Distress Signals 3 | . 3 . . Communications Jammed . | . . . . Distress Signals . | . . . . Times Spotted 61 | . 33 9 19 Peak Tracking Total 9 | . 3 9 5 Tactical Retreats 3 | . 1 . 2 Traps | -11 -10 -9 -9 ------- Run | Yrd Mat Mat Min Traps Triggered 2 | . 2 . . Indirectly . | . . . . Trap Hack Attempts . | . . . . Triggered . | . . . . Disarmed 11 | . 11 . . Reprogrammed . | . . . . Reused . | . . . . Traps Extracted . | . . . . Installed . | . . . . Triggered . | . . . . Machines | -11 -10 -9 -9 ---------- Run | Yrd Mat Mat Min Machines Disabled 1 | . 1 . . Max in Single Turn 1 | . 1 . . Machines Repaired . | . . . . Machines Dismantled . | . . . . Machines Sabotaged . | . . . . Overloaded Fab Kills . | . . . . Hacking | -11 -10 -9 -9 --------- Run | Yrd Mat Mat Min Machines Accessed 10 | . 8 2 . Terminals 8 | . 6 2 . Fabricators . | . . . . Repair Stations 1 | . 1 . . Recycling Units 1 | . 1 . . Scanalyzers . | . . . . Garrison Access . | . . . . Total Hacks 22 | . 20 2 . Successful 11 | . 9 2 . Failed 11 | . 11 . . Catastrophic 2 | . 2 . . Database Lockouts . | . . . . Manual . | . . . . Terminals 18 | . 16 2 . Fabricators . | . . . . Repair Stations 3 | . 3 . . Recycling Units 1 | . 1 . . Scanalyzers . | . . . . Garrison Access . | . . . . Terminal Hacks 7 | . 5 2 . Locate Traps 2 | . 1 1 . Disarm Traps 2 | . 2 . . Zone Layout 3 | . 2 1 . Fabricator Hacks . | . . . . Repair Station Hacks 3 | . 3 . . Scan Component 2 | . 2 . . Repair 1 | . 1 . . Recycling Unit Hacks 1 | . 1 . . Retrieve Matter 1 | . 1 . . Scanalyzer . | . . . . Garrison Access Hacks . | . . . . Unauthorized Hacks . | . . . . Terminals . | . . . . Fabricators . | . . . . Repair Stations . | . . . . Recycling Units . | . . . . Scanalyzers . | . . . . Garrison Access . | . . . . Data Cores Recovered . | . . . . Used . | . . . . Hacking Detections 7 | . 6 1 . Full Trace Events 2 | . 2 . . Feedback Events . | . . . . Feedback Blocked . | . . . . Robot Schematics Acquired . | . . . . Robots Built . | . . . . Authchips . | . . . . Time . | . . . . Total Robot Build Rating . | . . . . Part Schematics Acquired . | . . . . Parts Built . | . . . . Authchips . | . . . . Time . | . . . . Total Part Build Rating . | . . . . Part Studies Acquired . | . . . . Parts Repaired 1 | . 1 . . Time 26 | . 26 . . Parts Recycled . | . . . . Recycled Matter . | . . . . Retrieved Matter . | . . . . Retrieved Components . | . . . . Parts Scanalyzed . | . . . . Part Schematics Acquired . | . . . . Parts Damaged . | . . . . Bothacking | -11 -10 -9 -9 ------------ Run | Yrd Mat Mat Min Used RIF Installer . | . . . . Robots Hacked . | . . . . Non-combat . | . . . . Combat . | . . . . Robot Hacks Applied . | . . . . Relay Couplers Released . | . . . . Fabnet Peak Effective % . | . . . . Robots Rewired . | . . . . Allies Hacked . | . . . . Hacks Repelled . | . . . . Allies | -11 -10 -9 -9 -------- Run | Yrd Mat Mat Min Total Allies . | . . . . Largest Group . | . . . . Highest-Rated Group . | . . . . Highest-Rated Ally . | . . . . Total Orders . | . . . . Ally Attacks . | . . . . Total Damage . | . . . . Kills . | . . . . Allies Corrupted . | . . . . Allies Melted . | . . . . Intel | -11 -10 -9 -9 ------- Run | Yrd Mat Mat Min Active Infowar (turns) 2142 | . 1675 175 292 Sensors 181 | . . 175 6 Terrain 1961 | . 1675 . 286 Robot Analysis Total . | . . . . Derelict Logs Recovered . | . . . . Drone Launches . | . . . . Drone Recoveries . | . . . . Exploration | -11 -10 -9 -9 ------------- Run | Yrd Mat Mat Min Turns Passed 3034 | 59 2359 175 441 Spaces Moved 1063 | 32 717 121 193 Core 13 | 13 . . . Treads 660 | 19 628 . 13 Legs . | . . . . Wheels 390 | . 89 121 180 Hover . | . . . . Flight . | . . . . Fastest Speed 50 | 50 140 140 140 Average Speed 236 | 145 275 140 163 Slowest Speed 480 | 200 480 140 480 Overloaded Moves . | . . . . Propulsion Burnouts . | . . . . Robots Hopped . | . . . . Potential Cave-ins . | . . . . Cave-ins Triggered . | . . . . Exploration Rate (%) 32 | 3 87 13 25 Regions Visited 3 Branch Regions 1 Pre-discovered Areas . | . . . . Known Exits Taken 1 | . . 1 . Unknown Exits Taken 2 | 1 1 . . Scrap Searched 1 | . . . 1 Spaces Dug . | . . . . Terrain Destroyed 46 | . 2 . 44 Melee . | . . . . Projectile 2 | . 2 . . AOE 44 | . . . 44 Terrain Rammed . | . . . . Walls Destroyed . | . . . . Machines Disabled . | . . . . Actions | -11 -10 -9 -9 --------- Run | Yrd Mat Mat Min Total 1352 | 45 915 125 267 Wait 60 | . 60 . . Move 1060 | 31 716 120 193 Hop . | . . . . Pick Up 46 | 8 15 1 22 Fast Attach . | . . . . Attach 25 | 6 7 2 10 Detach . | . . . . Swap 8 | . 4 . 4 Drop 6 | . 2 . 4 Fire 147 | . 111 2 34 Melee . | . . . . Ram . | . . . . Kick . | . . . . Crush . | . . . . Escape Stasis . | . . . . Rewire . | . . . . Trap . | . . . . Miscellaneous . | . . . . Route ------- -11/Scrapyard -10/Materials (discovered 6 exits: *Mat x3 / [*Min x2] / [*Sub]) -9/Materials -9/Mines (discovered 1 exit: *Mat) History --------- Turn | Location | Event 16 | -11/Scrapyard | Discovered new exit (range 15) 60 | -11/Scrapyard | Entered Materials 293 | -10/Materials | Discovered new exit (range 9) 321 | -10/Materials | Build established: Mutant 597 | -10/Materials | Discovered new exit (range 17) 853 | -10/Materials | Discovered new exit (range 3) 1059 | -10/Materials | Discovered new exit (range 7) 1955 | -10/Materials | Repaired Lgt. Treads 2032 | -10/Materials | Core integrity fell below 50% 2066 | -10/Materials | Lost 3 parts (1p1n1w) 2373 | -10/Materials | Discovered new exit (range 9) 2391 | -10/Materials | Discovered new exit (range 9) 2419 | -10/Materials | Entered another Materials area 2419 | -9/Materials | Evolved 2 slots: Utility x2 2581 | -9/Materials | Discovered new exit (range 7) 2593 | -9/Materials | Build established: Scavenger-Mutant 2593 | -9/Materials | Identified exit to Mines 2594 | -9/Materials | Entered Mines 2631 | -9/Mines | Lost 3 parts (1p1u1w) 2824 | -9/Mines | Joined a pair of Derelicts in attacking an 0b10 outpost 2855 | -9/Mines | Assembled infested the area 2905 | -9/Mines | Discovered new exit (range 10) 2944 | -9/Mines | Core integrity fell below 50% 2982 | -9/Mines | Lost 8 parts (1p4n1u2w) 2995 | -9/Mines | Identified exit to Materials 3028 | -9/Mines | Core integrity fell below 20% 3035 | -9/Mines | Destroyed by as-22378 with Assembled Blade Last Messages --------------- 02976_ The unstable cave ceiling collapses. 02995_ EXIT=IDENTIFIED: MATERIALS 03000_ K-01 Serf collects debris. 03000_ R-06 Scavenger collects Com. Wheel. 03000_ Acquired 85 matter. 03002_ K-01 Serf collects debris. 03004_ R-06 Scavenger collects Sml. Storage Unit. 03005_ R-06 Scavenger destroyed. 03005_ K-01 Serf destroyed. 03006_ Acquired 14 matter. 03013_ Acquired Wheel. 03018_ Acquired Com. Wheel. 03024_ K-01 Serf collects debris. 03024_ R-06 Scavenger collects Lgt. Ion Engine. 03024_ K-01 Serf destroyed. 03024_ ZK-TKY(g) destroyed. 03027_ Destroyed Lgt. Ion Engine. 03030_ Acquired 28 matter. 03032_ The unstable cave ceiling collapses. 03035_ Shotgun destroyed. Map ----- +----------------------------------------------------+ | | | | | | | | | | | | | | | | | | | | | | | | | | | | | | | ??????????????????????????????????????? | | ??????????????????????????????????????? | | ??????????????????????????????????????? | | ??????????????????????????????????????? | | ?????????????? ???????????????######?? | | ???????????? ????????????### #?? | | ??????????? ?########## ##? | | ????????????? # # #? | | ????????????????? # #? | | ??????????? #### !! # | | ??????????< %=%=a@ < # # ## | | ??????????a a #*=*=%[* ## #? | | ????????????????? ?# # ! ##### #? | | ??????????????? # # #??# #? | | ????????????# ### ##??# #? | | ????????????## ###??# ###???# #? | | ?????????????## ??????# #?????# #? | | ??????????????####???????# ###???# #? | | ?????????????#??#???????## !#?##### #? | | ?????????????????#???????#%r### #? | | ?????????????????? ??????# = #? | | ?????????????????????????# ### | | ??????????????????????#??###### #?# | | ?????????????????? ???#?####### ##? | | ??????????????#?? ??#??## ## #? | | ???????????????????????#"[] # #? | | ???????????????????????#% ! + ##? | | ?????????????????????#?# + #?? | | ??????????????? ??#?#??#%! # #?? | | ???????????????????????## ## ##? | | ????????????????#???????###### ##?? | | ?????????#??#????????######??# #??# | | ???????????????????? #?## #??? | | ????????????##??????? ?#?## ###?# | | ??????????????#??????# ??#?## ##???? | +----------------------------------------------------+ Best States ------------- Heat Dissipation 28 Energy Generation 10 Energy Capacity 250 Matter Stores 300 Matter Capacity 300 Sight Range 16 Robot Scan Range 14 Terrain Scan Range 16 Terrain Scan Density 10 Evasion (%) 40 Recoil Reduction 2 Offensive Hacking 10 Item Schematics ----------------- None Robot Schematics ------------------ None Fabricated ------------ Nothing Repaired ---------- Lgt. Treads | 19% | -10/Materials Studied --------- None Alien Tech Used ----------------- None Achievements -------------- None Challenges ------------ None Game ------ Seed GuidedDisassembledBasin Manual? 0 Play Time 00:23:27 Cumulative 14.8 hours Start 2026.01.24 @ 16:37:35 End 2026.01.24 @ 16:58:59 Sessions 1 Manual Loads 0 Difficulty Rogue Special Mode None Game No. 20 Rogue 20 Adventurer 0 Explorer 0 Win Type - Total 0 Types 0/0/0/0/0/0/0/0/0/0 Lore% 16 Gallery% 12 Achievement% 14 Wizard Run 0 Options --------- Layout 0 ASCII 0 Keyboard 0 Movement Mouse Keybinds 0 Fullscreen 1 Font 36/Smallcaps Map View 76x50 Zoom Use 0% Tactical HUD 1 Map Filters NONE Filters NONE Steam 1 RUN: a986b008-9f8b-4186-beb1-9cc837c8a9bf